 Dungeon Crawl Stone Soup version 0.23-a0-839-g6d2b917 (console) character file.

48 bli the Slasher (level 3, 0/29 HPs)
             Began as a Barachi Fighter on Jan 25, 2019.
             Was a Believer of Lugonu.
             Slain by a goblin (2 damage)
             ... led by Robin
             ... on level 2 of the Dungeon.
             The game lasted 00:04:01 (1363 turns).

bli the Slasher (Barachi Fighter)                   Turns: 1363, Time: 00:04:02

Health: 0/29       AC:  4    Str: 17    XL:     3   Next: 72%
Magic:  3/3        EV: 13    Int:  8    God:    Lugonu [**....]
Gold:   104        SH:  9    Dex: 17    Spells: 2/2 levels left

rFire    . . .     SeeInvis .   a - +0 long sword
rCold    . . .     Gourm    .   c - +0 shield
rNeg     . . .     Faith    .   m - +0 leather armour
rPois    .         Spirit   .   (no helmet)
rElec    .         Reflect  .   v - +0 cloak
rCorr    .         Harm     .   (no gloves)
MR       .....                  (no boots)
Stlth    ++........             (no amulet)
HPRegen  0.09/turn              (no ring)
MPRegen  0.08/turn              (no ring)

@: agile, can't hop, slow
A: +LOS, swims, slowness 1, strong legs 1
a: Hop, Depart the Abyss, Bend Space, Renounce Religion


You were on level 2 of the Dungeon.
You worshipped Lugonu.
Lugonu was pleased with you.
You were not hungry.

You visited 1 branch of the dungeon, and saw 2 of its levels.

You collected 104 gold pieces.

Inventory:

Hand Weapons
 a - a +0 long sword (weapon)
 s - a +0 hunting sling
Missiles
 i - 28 stones (quivered)
Armour
 b - a +0 scale mail
 c - a +0 shield (worn)
 e - a +0 ring mail
 m - a +0 leather armour (worn)
 u - a +0 chain mail
 v - a +0 cloak (worn)
Scrolls
 h - 3 scrolls of identify {unknown}
 n - a scroll of remove curse {unknown}
 o - a scroll of fog {unknown}
 t - a scroll of teleportation {unknown}
Potions
 d - a potion of might
 g - a potion of resistance {unknown}
 j - a potion of curing {unknown}
 k - 2 potions of heal wounds {unknown}
 l - 2 potions of agility
 p - a potion of brilliance {unknown}
 q - a potion of flight {unknown}
 r - a potion of cancellation {unknown}
Comestibles
 f - 7 rations
 w - 6 chunks of flesh


   Skills:
 - Level 3.6 Fighting
 * Level 4.6 Long Blades
 + Level 3.9 Armour
 - Level 3.2 Shields


You had 2 spell levels left.
You didn't know any spells.
Your spell library was empty.

Dungeon Overview and Level Annotations

Branches:
Dungeon (2/15)

Altars:
Lugonu

Annotations:
D:2 Jessica


Innate Abilities, Weirdness & Mutations

Shadows flee at your approach. (+LOS)
You can swim through water.
You cover ground slowly.
You can hop short distances.


Message History

You miss the goblin.
Robin roars a battlecry!
The goblin hits you but does no damage.
You hit the goblin.
The goblin is moderately wounded.
The goblin barely misses you.
You hit the goblin but do no damage. You block the goblin's attack.
The goblin closely misses you.
You riposte.
You slash the goblin!
You kill the goblin!
Lugonu accepts your kill.
You slash Robin!
You kill Robin!
Lugonu accepts your kill.
You hit the goblin.
The goblin is severely wounded.
The goblin hits you.
* * * LOW HITPOINT WARNING * * *
Jessica casts a spell.
Jessica seems to speed up.
The goblin hits you.
You die...

+ ...(.....# # #
#.((.....#
#.#..($....#
..........#
#....(...#
#).......# #
#...@...# #. #.#
##.############†#
##...#........##g#
#......###....@g@#
##...#.# #.##.####
##.##.# #.##.#
########.###.##.#
....>...........#
#################


You could see Jessica and 2 goblins.

Vanquished Creatures
  Robin (D:2)
  A dart slug (D:1)
  4 bats
  A giant cockroach (D:2)
  9 goblins
  3 hobgoblins
  3 jackals (D:1)
  2 frilled lizards
  6 kobolds
  2 rats (D:2)
32 creatures vanquished.

Notes
Turn   | Place    | Note
-------+----------+-------------------------------------------
     0 | D:1      | bli the Barachi Fighter began the quest for the Orb.
     0 | D:1      | Reached XP level 1. HP: 18/18 MP: 1/1
   246 | D:1      | Reached skill level 3 in Long Blades
   254 | D:1      | Reached XP level 2. HP: 20/24 MP: 2/2
   757 | D:2      | Reached skill level 4 in Long Blades
   818 | D:2      | Found a faded altar of an unknown god.
   844 | D:2      | Became a worshipper of Lugonu the Unformed
   844 | D:2      | Reached * piety under Lugonu
   844 | D:2      | Reached ** piety under Lugonu
  1077 | D:2      | Reached XP level 3. HP: 29/29 MP: 3/3
  1340 | D:2      | Noticed Robin
  1349 | D:2      | Noticed Jessica
  1362 | D:2      | Killed Robin
  1363 | D:2      | Slain by a goblin

Vault maps used:
D:1:      lightli_arrival_lavapool, serial_curves, eino_curves_04,
          eino_curves_02, eino_curves_01
D:2:      chequers_ecumenical_altar_simple, minivault_4, minmay_misc_feat_roman,
          uniq_jessica, uniq_robin, uniq_crazy_yiuf_cottage

Skill      XL: |  1  2 |
---------------+-------+-----
Long Blades    | 3 4 |  4.6
Fighting       | |  3.6
Armour         | |  3.9
Shields        | |  3.2

Action                   || total
-------------------------++-------
Melee: Long sword        ||   111
Throw: Stone             ||     6
 Abil: Hop               ||     1
  Use: Potion            ||     1
  Eat: Chunk             ||     2
Armor: Ring mail         ||     8
       Scale mail        ||     1
       Leather armour    ||    40
Dodge: Dodged            ||    51
Block: Shield            ||    76
       Rpst.: Long sword ||    20

Table legend:
 A = Non-vault XP
 B = Vault XP
 C = Vault XP percentage of total XP
 D = Non-vault monster count
 E = Vault monster count
 F = Vault count percentage of total count
                 A         B        C        D         E       F
            +---------+---------+-------+---------+---------+-------
      Total |      37 |      32 |  46.4 |      22 |      10 |  31.2
            +---------+---------+-------+---------+---------+-------
        D:1 |      22 |       0 |   0.0 |      11 |       0 |   0.0
        D:2 |      15 |      32 |  68.1 |      11 |      10 |  47.6
            +---------+---------+-------+---------+---------+-------
